 Dungeon Crawl Stone Soup version 0.30-a0-1163-gf69bf04 (webtiles) character file.

Game seed: 4836396690399363086

209522 Wizard1ke the Peltast (level 18, -7/145 HPs)
             Began as a Barachi Gladiator on Apr 28, 2023.
             Was a High Priest of the Shining One.
             Hit by a javelin thrown by a merfolk javelineer (18 damage)
             ... on level 4 of the Shoals.
             The game lasted 02:56:18 (39446 turns).

Wizard1ke the Peltast (Barachi Gladiator)          Turns: 39446, Time: 02:56:18

Health: -7/145     AC: 16    Str: 21    XL:     18   Next: 82%
Magic:  22/27      EV: 21    Int:  9    God:    the Shining One [*****.]
Gold:   1443       SH: 28    Dex: 19    Spells: 15/17 levels left

rFire   . . .        W - +4 scimitar (flame)
rCold   . . .        K - +5 tower shield
rNeg    + + .        S - +0 troll leather armour
rPois   +            c - +2 helmet
rElec   .            a - +2 cloak {Will+}
rCorr   .            B - +1 pair of gloves {Str+3}
SInv    .            V - +3 pair of seven-league boots {Rampage+∞}
Will    +++..        H - amulet of magic regeneration
Stlth   +            A - ring "Qaibbi Quor" {Wiz rPois}
HPRegen 1.24/turn    h - ring of willpower
MPRegen 0.60/turn

%: rampage+∞, wizardry (x1)
@: unable to hop, glowing, slow
A: amphibious, slowness 1, strong legs 2, +LOS, [frail 1]
}: 1/15 runes: gossamer
a: Hop, Renounce Religion, Divine Shield, Cleansing Flame, Summon Divine Warrior


You were on level 4 of the Shoals.
You worshipped the Shining One.
The Shining One was extremely pleased with you.
You visited 6 branches of the dungeon, and saw 31 of its levels.
You visited the Abyss 1 time.
You also visited: Ice Cave.

You collected 3539 gold pieces.
You spent 2096 gold pieces at shops.

Inventory:

Hand Weapons
 G - a +0 spectral scimitar
 W - a +4 scimitar of flaming (weapon)
Missiles
 d - 9 throwing nets
 X - 2 curare-tipped darts
 Z - 5 javelins (quivered)
Armour
 a - a +2 cloak of willpower (worn)
 c - a +2 helmet (worn)
 B - a +1 pair of gloves of strength (worn)
 K - a +5 tower shield (worn)
 S - a +0 troll leather armour (worn)
 U - a +3 leather armour of resistance
 V - the +3 pair of seven-league boots (worn) {Rampage+∞}
   (You found it on level 4 of the Spider Nest)

   Rampage+∞: When moving toward enemies, its wearer moves as far as possible.
Jewellery
 h - a ring of willpower (right hand)
 i - a ring of resist corrosion
 j - a ring of protection from cold
 n - the ring of Yfiufr Palu {rF- MP+9 Str+3 Int+6 Slay+6}
   (You found it in an ice cave)

   [ring of magical power]

   Str:       It affects your strength (+3).
   Int:       It affects your intelligence (+6).
   Slay:      It affects your accuracy & damage with ranged weapons and melee
   (+6).
   rF:        It makes you vulnerable to fire.
   MP:        It affects your magic capacity (+9).
 A - the ring "Qaibbi Quor" (left hand) {Wiz rPois}
   (You found it in an ice cave)

   [ring of wizardry]

   It improves your spell success rate.
   rPois:     It protects you from poison.
 H - an amulet of magic regeneration (around neck)
 Y - a ring of protection from fire
Wands
 m - a wand of roots (19)
 s - a wand of polymorph (14)
 J - a wand of digging (1)
 O - a wand of flame (24)
 Q - a wand of acid (5)
 T - a wand of charming (9)
Scrolls
 b - 6 scrolls of immolation
 g - a scroll of silence {!r}
 l - 6 scrolls of blinking
 o - 5 scrolls of fear
 q - a scroll of summoning
 t - 2 scrolls of poison
 v - 5 scrolls of teleportation
 w - 4 scrolls of enchant weapon
 x - 3 scrolls of vulnerability
 z - 3 scrolls of magic mapping
 N - 6 scrolls of fog
Potions
 e - 6 potions of flight
 f - 3 potions of magic
 k - 9 potions of haste
 p - 9 potions of mutation
 r - a potion of berserk rage {!q}
 u - 4 potions of cancellation
 D - 4 potions of resistance
 E - 5 potions of attraction
 F - 2 potions of might
 I - a potion of brilliance {unknown}
 L - 7 potions of curing
 P - 5 potions of lignification
 R - 6 potions of ambrosia
Miscellaneous
 y - a box of beasts
 M - a lightning rod (4/4)


   Skills:
 - Level 20.0 Fighting
 - Level 14.0 Long Blades
 - Level 2.0 Throwing
 - Level 15.0 Dodging
 - Level 20.0 Shields
 + Level 12.2 Invocations
 - Level 8.0 Evocations


You had 15 spell levels left.
You knew the following spells:

 Your Spells              Type           Power      Damage    Failure   Level
a - Blink                 Tloc           0%         N/A       43%         2

Your spell library contained the following spells:

 Spells                   Type           Power      Damage    Failure   Level
 Kiss of Death            Conj/Necr      0%         2d5       32%         1
 Sandblast                Erth           0%         2d4       32%         1
 Slow                     Hex            0%         N/A       32%         1
 Cigotuvi's Dreadful Rot  Necr/Pois/Air  0%         N/A       43%         2
 Lesser Beckoning         Tloc           0%         N/A       43%         2
 Momentum Strike          Conj/Tloc      0%         3d8       43%         2
 Passwall                 Tmut/Erth      0%         N/A       43%         2
 Poisonous Vapours        Pois/Air       0%         N/A       43%         2
 Scorch                   Fire           0%         2d5       43%         2
 Frozen Ramparts          Ice            0%         1d1       65%         3
 Gell's Gravitas          Tloc           0%         N/A       65%         3
 Hailstorm                Conj/Ice       0%         3d3       65%         3
 Ignite Poison            Fire/Tmut/Pois 0%         N/A       65%         3
 Mephitic Cloud           Conj/Pois/Air  0%         N/A       65%         3
 Ozocubu's Armour         Ice            0%         N/A       65%         3
 Stone Arrow              Conj/Erth      0%         3d7       65%         3
 Summon Guardian Golem    Hex/Summ       0%         N/A       65%         3
 Teleport Other           Tloc           0%         N/A       65%         3
 Tukima's Dance           Hex            0%         N/A       65%         3
 Animate Dead             Necr           0%         N/A       96%         4
 Cause Fear               Hex            0%         N/A       96%         4
 Flame Wave               Conj/Fire      0%         2d4       96%         4
 Fulminant Prism          Conj/Hex       0%         3d5       96%         4
 Ice Form                 Ice/Tmut       0%         N/A       96%         4
 Leda's Liquefaction      Hex/Erth       0%         N/A       96%         4
 Passage of Golubria      Tloc           0%         N/A       96%         4
 Summon Ice Beast         Ice/Summ       0%         N/A       96%         4
 Fireball                 Conj/Fire      0%         3d3       100%        5
 Freezing Cloud           Conj/Ice/Air   0%         6-21      100%        5
 Iskenderun's Battlesphe  Conj           0%         2d6       100%        5
 Yara's Violent Unravell  Hex/Tmut       0%         3d3       100%        5
 Conjure Ball Lightning   Conj/Air       0%         3x3d6     100%        6
 Death Channel            Necr           0%         N/A       100%        6
 Simulacrum               Ice/Necr       0%         N/A       100%        6
 Summon Cactus Giant      Summ           0%         N/A       100%        6
 Dragon Form              Tmut           0%         N/A       100%        7
 Orb of Destruction       Conj           0%         9d5       100%        7
 Ozocubu's Refrigeration  Ice            0%         4d7       100%        7
 Spellforged Servitor     Conj/Summ      0%         N/A       100%        7
 Chain Lightning          Conj/Air       0%         N/A       100%        9
 Dragon's Call            Summ           0%         N/A       100%        9
 Fire Storm               Conj/Fire      0%         5d1       100%        9
 Shatter                  Erth           0%         3d5*      100%        9


Dungeon Overview and Level Annotations

Branches:
Dungeon (15/15)            Temple (1/1) D:5            Lair (5/5) D:11
 Shoals (4/4) Lair:2       Spider (4/4) Lair:2        Slime (0/5) Lair:4
    Orc (2/2) D:9             Elf (0/3) Orc:2        Vaults (0/5) D:13
 Depths (0/4) D:15          IceCv (visited)

Altars:
Ashenzari
Cheibriados
Dithmenos
Elyvilon
Fedhas
Gozag
Hepliaklqana
Kikubaaqudgha
Makhleb
Nemelex Xobeh
Okawaru
Qazlal
Ru
Sif Muna
Trog
Uskayaw
Vehumet
Wu Jian
Xom
Yredelemnul
Zin
The Shining One
Jiyva

Shops:
D:4 *   D:15 *   Orc:2 (*([:?[

Annotations:
D:3 Sigmund
D:4 3 runed translucent doors, exclusion: 3 doors, ChinnyChinChin's ghost, amateur SpVM
D:6 5 exclusions
D:7 1 runed translucent door, exclusion: door, Crazy Yiuf
D:9 exclusions: 2 lava snakes and orange crystal statue
Lair:1 exclusion: oklob plant
Lair:4 1 runed translucent door, exclusions: door and downstairs
Shoals:1 Roxanne
Shoals:2 1 runed translucent door, exclusion: door, Radamante's ghost, adept MiFi
Spider:3 1 runed translucent door, exclusion: door, dontdoit's ghost, adept HuRe
Orc:2 2 runed translucent doors, exclusion: 2 doors, brinewave's ghost, journeyman MiBe


Innate Abilities, Weirdness & Mutations

You are amphibious.
You cover ground slowly.
You can hop long distances.
You have an extended range of vision and can be seen from far away.
[You are frail. (-10% HP)]


Message History

The wind drake is knocked back by the gust of wind.
Your daeva is knocked back by the gust of wind.
You are knocked back by the gust of wind.
You collide with your daeva!
* * * LOW HITPOINT WARNING * * *
A water elemental and a merfolk javelineer come into view.
The merfolk javelineer is wielding a +3 spear of pain and quivering silver javelins.
The merfolk javelineer throws a silver javelin.
The silver javelin pierces through you!
* * * LOW HITPOINT WARNING * * *
The silver sears you!
* * * LOW HITPOINT WARNING * * *
The merfolk javelineer throws a javelin.
The javelin pierces through you! The Shining One protects you from harm!
Okay, then.
Okay, then.
Unknown command.
Okay, then.
Unknown command.
Press: ? - help, v - describe, . - travel
Here: a wind drake (water, lightly wounded, repelling missiles, catching its breath, haloed) Some deep water.
Press: ? - help, v - describe, . - travel
Here: a merfolk javelineer, wielding a +3 spear of pain, wearing a +0 leather armour and quivering silver javelins (haloed)
The floor, spattered with blood.
Okay, then.
Unknown command.
Unknown command.
Okay, then.
Unknown command.
You feel much better. The wind drake barely misses you.
The merfolk javelineer throws a silver javelin.
The silver javelin pierces through you!!
* * * LOW HITPOINT WARNING * * *
The silver sears you!
* * * LOW HITPOINT WARNING * * *
The merfolk javelineer throws a javelin.
The javelin pierces through you!!
You die...

#.. #.. #..#########
#..m.......## ## # ###''
#.≈≈≈≈.≈≈≈≈.# m.......~.
#.≈##≈.≈##≈.# .....#~~~~
#.≈##≈.≈##≈.# .m~~~~~..#
#.≈≈≈≈(kA≈≈.# ~~~.#~~.#
#.∩...<@).8.# . ~~~~.~~
#.≈≈≈≈k)≈≈≈.# .E..#.~~~~
#.≈##≈.≈##≈.# ..........
#.≈##≈.≈##≈)##########mm
#.≈≈≈≈8≈≈≈≈÷m.m...§~m.E.
#.............~...§§m~~~
########################


You could see 2 merfolk javelineers, 2 wind drakes and a friendly daeva
(summoned).

Vanquished Creatures
  A dread lich (Abyss:4)
  Saint Roka (Orc:2)
  Mlioglotl (Lair:2)
  A tentacled monstrosity (Shoals:3)
  Rupert (Spider:1)
  A tentacled starspawn (Abyss:4)
  3 krakens
  Kirke (Spider:1)
  A draconian knight (IceCv)
  Donald (Shoals:1)
  6 emperor scorpions
  2 orc warlords (Orc:1)
  3 broodmothers
  5 white draconians (IceCv)
  A spark wasp (Spider:4)
  An ettin (D:14)
  3 entropy weavers
  A merfolk javelineer (Shoals:1)
  Josephine (D:13)
  9 merfolk impalers
  A vault guard (D:13)
  2 ice dragons (D:15)
  3 hydras
  A rakshasa (Abyss:4)
  An ogre mage (D:15)
  3 jorogumos
  4 two-headed ogres
  An alligator snapping turtle (Shoals:2)
  3 radroaches
  2 merfolk avatars
  A merfolk aquamancer (Shoals:2)
  5 centaur warriors
  A catoblepas (D:15)
  A death yak (Lair:2)
  2 satyrs
  2 boulder beetles
  A tengu warrior (D:13)
  A death scarab (Spider:4)
  A thrashing horror (Abyss:4)
  4 orc high priests (Orc:1)
  A wretched star (Abyss:4)
  A sun demon (Shoals:4)
  3 skysharks
  A sun moth (Spider:3)
  9 skeletal warriors
  5 pharaoh ants
  15 harpies
  4 orb spiders
  6 sea snakes
  2 wizards
  10 steelbarb worms
  7 spectral wolf spiders (Spider:4)
  16 wolf spiders
  An orange crystal statue (IceCv)
  4 wolf spider zombies (Spider:4)
  3 necromancers (D:13)
  9 orc knights
  5 orc sorcerers
  A faun (Shoals:1)
  Pikel (D:7)
  3 deep elf pyromancers
  6 manticores
  2 moths of wrath (Spider:4)
  A worldbinder (Abyss:4)
  14 ugly things
  5 cyclopes
  Joseph (D:7)
  2 large abominations (Abyss:4)
  2 ice statues (Shoals:2)
  3 merfolk sirens
  6 demonic crawlers
  2 apocalypse crabs (Shoals:3)
  7 cane toads
  10 elephants
  2 black mambas (Lair:4)
  2 water nymphs
  5 torpor snails
  5 storm dragon simulacra (IceCv)
  Maggie (D:7)
  11 rime drakes
  An alligator snapping turtle skeleton (Abyss:3)
  An ice devil (Abyss:4)
  9 komodo dragons
  An unseen horror (D:13)
  4 golden dragon simulacra (IceCv)
  A tengu conjurer (D:13)
  5 wind drakes
  5 trolls
  A polar bear (shapeshifter) (Abyss:4)
  7 meliai
  A queen bee (Lair:3)
  6 polar bears
  3 wolf spider simulacra (Spider:4)
  16 merfolk
  23 tarantellas
  3 hornets (Lair:4)
  4 blink frogs
  11 dream sheep
  8 snapping turtles
  24 jumping spiders
  2 air elementals
  7 wraiths
  16 culicivoras
  A ynoxinul (Abyss:4)
  A vampire (D:11)
  A spriggan (shapeshifter) (D:14)
  6 water elementals (Shoals:2)
  2 shadows
  Eustachio (D:5)
  53 yaks
  8 wyverns
  4 hogs (Spider:1)
  20 humans (D:13)
  6 basilisks
  5 steam dragons
  48 redbacks
  A basilisk (shapeshifter) (D:14)
  A chaos spawn (Abyss:3)
  A neqoxec (Abyss:4)
  4 vampire mosquitoes
  4 wargs
  2 acid dragons
  16 water moccasins
  41 orc warriors
  A sky beast (Lair:3)
  3 black bears
  6 ice dragon simulacra (IceCv)
  21 wolves
  12 ogres
  6 centaurs
  A phantom (D:7)
  2 kobold brigands
  18 bullfrogs
  A gnoll sergeant (D:10)
  2 scorpions
  4 wights
  30 killer bees
  6 lindwurm simulacra (IceCv)
  3 howler monkeys
  25 orc priests
  6 hounds
  7 hell rats
  31 orc wizards
  A sleepcap (D:8)
  An iguana (D:5)
  5 adders
  6 gnolls
  A river rat (Lair:3)
  A shadow imp (D:8)
  A white imp (D:6)
  An ufetubus (D:5)
  A worm (D:4)
  2 dart slugs
  88 orcs
  3 ball pythons (D:3)
  3 bats (D:1)
  6 endoplasms
  5 giant cockroaches
  5 goblins
  4 hobgoblins
  2 jackals (D:4)
  21 kobolds
  A frilled lizard (D:1)
  5 rats
  A starspawn tentacle (Abyss:4)
  12 tentacles
1024 creatures vanquished.

Vanquished Creatures (collateral kills)
  A ghost moth (Spider:4)
  Louise (D:15)
  A radroach (Spider:1)
  An orb spider (Spider:1)
  Maurice (D:12)
  A merfolk siren (Shoals:4)
  2 demonic crawlers
  A culicivora (Spider:1)
  A jumping spider (Spider:1)
  A yak (Lair:2)
  A wraith (D:11)
  2 redbacks
  An orc warrior (Orc:1)
  A killer bee (Lair:3)
  3 orcs (D:8)
19 creatures vanquished.

Vanquished Creatures (others)
  A meliai (D:13)
  A culicivora (Spider:4)
  3 yaks (Lair:2)
  A lemure (D:7)
  A gnoll (D:10)
  4 orcs
  A bush (Lair:5)
  48 fungi
  72 plants
  59 spectral weapons
  A starspawn tentacle (Abyss:4)
  41 tentacles
233 creatures vanquished.

Grand Total: 1276 creatures vanquished

Notes
Turn   | Place    | Note
-------+----------+-------------------------------------------
     0 | D:1      | Wizard1ke the Barachi Gladiator began the quest for the
                  | Orb.
     0 | D:1      | Reached XP level 1. HP: 17/17 MP: 1/1
    88 | D:1      | Reached XP level 2. HP: 23/23 MP: 2/2
   160 | D:1      | You fall into a shaft and drop 1 floor!
   203 | D:1      | Reached XP level 3. HP: 29/29 MP: 3/3
   906 | D:2      | Reached XP level 4. HP: 25/35 MP: 4/4
  1325 | D:3      | Found a hazy altar of Hepliaklqana.
  1435 | D:3      | Reached skill level 5 in Long Blades
  1435 | D:3      | Reached XP level 5. HP: 31/42 MP: 5/5
  1562 | D:3      | Noticed Sigmund
  1810 | D:4      | Found Kokkuj's Assorted Antiques.
  1814 | D:4      | Bought a scroll labelled SEJIME VAEHYS for 29 gold pieces
  1819 | D:4      | Found a runed translucent gate.
  1819 | D:4      | Found a runed translucent gate.
  1836 | D:4      | Found a runed translucent gate.
  1863 | D:4      | Noticed ChinnyChinChin's ghost (amateur SpVM)
  1863 | D:4      | Noticed an ice beast
  2282 | D:4      | Found a burning altar of Makhleb.
  2469 | D:4      | Got the Anthology of Stolen Souls
  2735 | D:5      | Entered Level 5 of the Dungeon
  2746 | D:5      | Reached XP level 6. HP: 43/49 MP: 6/6
  2862 | D:5      | Found a shadowy altar of Dithmenos.
  2968 | D:5      | Found a staircase to the Ecumenical Temple.
  2978 | Temple   | Entered the Ecumenical Temple
  3183 | Temple   | Became a worshipper of the Shining One
  3374 | D:5      | Reached skill level 5 in Dodging
  3379 | D:5      | Found an iron altar of Okawaru.
  3493 | D:5      | Noticed a wyvern
  3845 | D:5      | Reached skill level 5 in Fighting
  3845 | D:5      | Reached XP level 7. HP: 28/56 MP: 7/7
  4009 | D:5      | Found a bloodstained altar of Trog.
  4283 | D:5      | Killed a wyvern
  4546 | D:6      | Noticed Eustachio
  4571 | D:5      | Killed Eustachio
  4572 | D:5      | Reached XP level 8. HP: 33/64 MP: 8/8
  4822 | D:6      | Got the Omnibus of Jinxing
  5444 | D:7      | Found a snail-covered altar of Cheibriados.
  5645 | D:7      | Noticed a wyvern
  5794 | D:7      | Noticed Pikel
  5816 | D:7      | Killed Pikel
  5817 | D:7      | Reached skill level 10 in Long Blades
  5817 | D:7      | Reached XP level 9. HP: 62/72 MP: 9/9
  5885 | D:7      | Reached * piety under the Shining One
  6355 | D:7      | Noticed Joseph
  6580 | D:8      | Found an ancient bone altar of Kikubaaqudgha.
  6762 | D:8      | Reached skill level 1 in Invocations
  7076 | D:8      | Reached XP level 10. HP: 66/82 MP: 7/11
  7198 | D:8      | Noticed Maggie
  7310 | D:8      | Found a white marble altar of Elyvilon.
  7372 | D:8      | Learned a level 2 spell: Blink
  7637 | D:9      | Noticed an orange crystal statue
  8034 | D:9      | Noticed a two-headed ogre
  8044 | D:9      | Killed a two-headed ogre
  9200 | D:9      | Found a staircase to the Orcish Mines.
  9340 | D:9      | Found a sparkling altar of Nemelex Xobeh.
  9450 | D:10     | Entered Level 10 of the Dungeon
  9584 | D:10     | Reached skill level 5 in Invocations
  9653 | D:10     | Reached skill level 5 in Evocations
  9914 | D:9      | Reached XP level 11. HP: 50/87 MP: 14/14
 11555 | D:11     | Noticed a cyclops
 11579 | D:11     | Killed a cyclops
 11901 | D:11     | Found a hide-covered altar of Uskayaw.
 11943 | D:11     | Reached ** piety under the Shining One
 12027 | D:11     | Found a staircase to the Lair.
 12043 | D:11     | Reached skill level 10 in Fighting
 12262 | Lair:1   | Entered Level 1 of the Lair of Beasts
 12280 | Lair:1   | Reached skill level 1 in Shields
 12674 | Lair:1   | Reached skill level 10 in Dodging
 12715 | Lair:1   | Noticed an oklob plant
 13297 | Lair:1   | Reached skill level 5 in Shields
 13439 | Lair:1   | Reached XP level 12. HP: 77/97 MP: 15/15
 14163 | Lair:2   | Noticed a skyshark
 14173 | Lair:2   | Killed a skyshark
 14173 | Lair:2   | Noticed a skyshark
 14441 | Lair:2   | Killed a skyshark
 14461 | Lair:2   | Found a staircase to the Shoals.
 14824 | D:12     | Noticed a two-headed ogre
 14837 | D:12     | Killed a two-headed ogre
 15114 | D:12     | Noticed Maurice
 15401 | Lair:2   | Found a hole to the Spider Nest.
 15509 | Lair:2   | Reached skill level 10 in Shields
 16493 | Lair:3   | Identified the +0 pair of boots "Soediliy" {Str+8 Slay-6}
 16681 | Lair:3   | Noticed Sonja
 16682 | Lair:3   | Sonja changed into Sonja the sky beast
 16682 | Lair:3   | Noticed Sonja
 16689 | Lair:3   | Killed Sonja the sky beast
 17398 | Lair:3   | Gained mutation: You can hop long distances. [Barachi
                  | growth]
 17398 | Lair:3   | Reached XP level 13. HP: 85/103 MP: 16/16
 19122 | Lair:4   | Found a runed translucent door.
 19123 | Lair:4   | Found a viscous altar of Jiyva.
 19128 | Lair:4   | Found a staircase to the Slime Pits.
 19128 | Lair:4   | Noticed an azure jelly
 19128 | Lair:4   | Noticed an azure jelly
 19128 | Lair:4   | Noticed an azure jelly
 19698 | Lair:5   | Entered Level 5 of the Lair of Beasts
 19717 | Lair:4   | Reached skill level 15 in Shields
 19948 | D:7      | Killed Joseph
 20062 | D:7      | Killed Maggie
 20229 | D:7      | Found a runed translucent door.
 20230 | D:7      | Noticed Crazy Yiuf
 20600 | D:12     | Killed Maurice
 20717 | D:12     | Identified the +1 halberd "Gastre" {pain, rC+ Int+3}
 20915 | D:13     | Noticed Josephine
 20933 | D:13     | Reached *** piety under the Shining One
 20938 | D:13     | Killed Josephine
 21293 | D:13     | Reached XP level 14. HP: 113/113 MP: 18/18
 21484 | D:13     | Reached **** piety under the Shining One
 21574 | D:13     | Found a glowing golden altar of the Shining One.
 22083 | D:13     | Found a gate to the Vaults.
 22269 | Orc:1    | Entered Level 1 of the Orcish Mines
 22528 | Orc:1    | Noticed an orc warlord
 22545 | Orc:1    | Killed an orc warlord
 22663 | Orc:1    | Noticed an orc warlord
 22713 | Orc:1    | Killed an orc warlord
 23329 | Orc:2    | Entered Level 2 of the Orcish Mines
 23482 | Orc:2    | Found a staircase to the Elven Halls.
 23929 | Orc:2    | Noticed Saint Roka
 23965 | Orc:2    | Reached ***** piety under the Shining One
 24306 | D:14     | Reached skill level 15 in Fighting
 24506 | D:14     | Found a broken altar of Ashenzari.
 24765 | D:14     | Reached XP level 15. HP: 114/129 MP: 21/21
 24960 | D:15     | Entered Level 15 of the Dungeon
 25130 | D:15     | Found Eti Ukhe's General Store.
 25154 | D:15     | Bought a scroll of enchant armour for 127 gold pieces
 25154 | D:15     | Bought a ring of poison resistance for 340 gold pieces
 26168 | D:15     | Found a staircase to the Depths.
 26247 | D:15     | Noticed Louise
 26262 | D:15     | Killed Louise
 26797 | Orc:2    | Found a large runed translucent door.
 26799 | Orc:2    | Found a large runed translucent door.
 26799 | Orc:2    | Noticed brinewave's ghost (journeyman MiBe)
 26802 | Orc:2    | Found Vugifat's Weapon Emporium.
 26929 | Orc:2    | Found Siwkyushi's Book Emporium.
 26953 | Orc:2    | Killed Saint Roka
 27121 | Orc:2    | Found Ipti's Armour Shop.
 27174 | Orc:2    | Found Hefumehu's Magic Scroll Shoppe.
 27180 | Orc:2    | Bought a scroll of enchant armour for 105 gold pieces
 27180 | Orc:2    | Bought a scroll of immolation for 56 gold pieces
 27180 | Orc:2    | Bought a scroll of teleportation for 42 gold pieces
 27180 | Orc:2    | Bought a scroll of enchant armour for 105 gold pieces
 27180 | Orc:2    | Bought a scroll of immolation for 56 gold pieces
 27246 | Orc:2    | Found Vieky's Antique Armour Emporium.
 27268 | Orc:2    | Found Tejegopt's Antique Weapon Emporium.
 27283 | Orc:2    | Found Hycaubiw's General Store.
 27290 | Orc:2    | Bought a potion of curing for 48 gold pieces
 27290 | Orc:2    | Bought a scroll of fear for 64 gold pieces
 27548 | Orc:2    | Bought a +1 pair of gloves of strength for 165 gold pieces
 27566 | Orc:2    | Bought the +18 shield of the Gong {Loud rN+ Will+ rCorr
                  | EV-5} for 959 gold pieces
 27566 | Orc:2    | Found the +18 shield of the Gong {Loud rN+ Will+ rCorr
                  | EV-5}
 27807 | Spider:1 | Entered Level 1 of the Spider Nest
 27890 | Spider:1 | Noticed Mlioglotl
 27934 | Lair:2   | Killed Mlioglotl
 28078 | Spider:1 | Noticed Rupert
 28098 | Spider:1 | Killed Rupert
 28305 | Spider:1 | Reached XP level 16. HP: 136/136 MP: 22/22
 28675 | Spider:1 | Noticed Kirke
 28683 | Spider:1 | Killed Kirke
 29458 | Spider:2 | Identified the +3 flail of the Bellicose God {flame, rElec
                  | Dex+2}
 31223 | Lair:5   | Identified the +0 chain mail of Wymomuko {rCorr MP+9}
 31226 | Lair:5   | Identified the +9 trident of Floods {drain, rElec rF+ Dex-4
                  | SInv}
 32637 | Spider:3 | Found a runed translucent door.
 33164 | Spider:3 | Noticed dontdoit's ghost (adept HuRe)
 33191 | Spider:4 | Entered Level 4 of the Spider Nest
 33196 | Spider:4 | Reached XP level 17. HP: 147/147 MP: 23/23
 33891 | Spider:4 | Found the +3 pair of seven-league boots {Rampage+∞}
 34286 | Spider:4 | Reached ****** piety under the Shining One
 34589 | Spider:4 | HP: 3/151 [emperor scorpion (10)]
 35113 | Spider:4 | Got a gossamer rune of Zot
 35274 | Shoals:1 | Entered Level 1 of the Shoals
 35382 | Shoals:1 | Identified Roxanne's Textbook on Modification
 35382 | Shoals:1 | Noticed Roxanne
 35705 | Shoals:1 | Reached skill level 15 in Dodging
 35852 | Shoals:1 | Noticed Donald
 35869 | Shoals:1 | Killed Donald
 35870 | Shoals:1 | Reached XP level 18. HP: 96/160 MP: 24/24
 36231 | Shoals:2 | Found a runed translucent door.
 36248 | Shoals:2 | Found a shimmering altar of Xom.
 36248 | Shoals:2 | Noticed Radamante's ghost (adept MiFi)
 36362 | Shoals:2 | Found a frozen archway.
 36392 | IceCv    | Entered an ice cave
 36806 | IceCv    | Identified the ring "Ygoliy" {Ice Dex+4 Stlth+}
 36807 | IceCv    | Identified the ring of Yfiufr Palu {rF- MP+9 Str+3 Int+6
                  | Slay+6}
 36812 | IceCv    | Identified the ring "Qaibbi Quor" {Wiz rPois}
 37446 | Shoals:2 | Reached skill level 10 in Invocations
 38458 | Shoals:3 | Noticed a tentacled monstrosity
 38473 | Shoals:3 | Killed a tentacled monstrosity
 38807 | Shoals:3 | Identified the ring of Goggiss {EV+5 Str+5}
 38908 | Shoals:4 | Entered Level 4 of the Shoals
 38968 | Shoals:4 | Paralysed by an air elemental for 1 turns
 38973 | Shoals:3 | Paralysed by an air elemental for 1 turns
 39104 | Abyss:3  | Cast into level 3 of the Abyss (merfolk impaler)
 39110 | Abyss:3  | Found a corrupted altar of Lugonu.
 39192 | Abyss:4  | Found a corrupted altar of Lugonu.
 39276 | Abyss:4  | Noticed a dread lich
 39291 | Abyss:4  | Noticed a Tzitzimitl
 39295 | Abyss:4  | Noticed a Tzitzimitl
 39299 | Abyss:4  | Killed a dread lich
 39321 | Abyss:4  | Found a corrupted altar of Lugonu.
 39332 | Shoals:4 | Escaped the Abyss
 39428 | Shoals:4 | Paralysed by an air elemental for 1 turns
 39445 | Shoals:4 | The Shining One protects you from harm!
 39446 | Shoals:4 | Hit by a javelin thrown by a merfolk javelineer

Illustrated notes

Levels and vault maps discovered:
D:1:      grunt_arrival_lava_bath, layout_basic, st_stairs_6
D:2:      layout_rooms
D:3:      layout_loops_ring, mainiacjoe_overflow_concentric_impassable,
          uniq_sigmund
D:4:      layout_loops_corners, mainiacjoe_overflow_brackets, serial_shops,
          nicolae_shop_hallway_stairs, gammafunk_ghost_icy
D:5:      layout_basic, mainiacjoe_overflow_alcove_4,
          grunt_dithmenos_smoke_and_mirrors, okawaru_gym_becter,
          minmay_temple_entry_antechambers, chequers_serial_rivers_micro_d
D:6:      minmay_goblin_kobold_castle, layout_loops_ring,
          hangedman_abyss_or_decor_stagger, uniq_eustachio
D:7:      layout_basic, amcnicky_altar_gilded, kennysheep_generic_room_3,
          uniq_crazy_yiuf_cottage, uniq_joseph, uniq_pikel
D:8:      layout_basic, elyvilon_altar_5, kennysheep_mini_moat, uniq_maggie
D:9:      layout_loops_ring, nemelex_diamond_rough_becter, david_orc_5,
          disabler_island
D:10:     layout_loops_ring, eino_curves_01
D:11:     layout_loops_ring, david_lair_shrubbed, eat_drink_and_be_merry_uskayaw
D:12:     layout_loops_ring, reono_crystal_passage, uniq_maurice
D:13:     layout_loops_corners, grunt_vaults_entry_tiered,
          nicolae_tso_swordbearing_angel, uniq_josephine
D:14:     layout_loops_ring, lemuel_doored_altar, wad_floor_pattern_untrapped
D:15:     grunt_enter_depths_hoard, layout_rooms, dk_noncrumbling_2,
          serial_shops, shop, uniq_louise
Temple:   nicolae_temple_figure_eight
Lair:1:   layout_cave_pods, chequers_serial_rivers_micro_c,
          chequers_serial_rivers_room_a, serial_bayou_ford_a
Lair:2:   layout_concentric_octagons, minmay_shoals_entry_lonely_mermaid,
          spider_nest_entry_rubble, grunt_megastairs_3
Lair:3:   regret_index_tunnel_blossom, layout_regular_city, serial_bayou_pond_b,
          lemuel_fruit_tree, uniq_sonja
Lair:4:   layout_roguey, slime_entry_2, minmay_stone_trees_small
Lair:5:   gammafunk_lair_ancient_temple, layout_regular_city
Shoals:1: layout_shoals, uniq_roxanne, uniq_donald
Shoals:2: cheibrodos_shoals_baths, layout_shoals,
          portal_ice_cave_entry_ice_statue_two, ebering_ghost_xom
Shoals:3: dreamdust_from_the_deep, layout_shoals
Shoals:4: shoals_end_hellmonk_storm_palace [storm_palace_center_ruins,
          storm_palace_corner_altar, storm_palace_corner_pillars,
          storm_palace_corner_grid, storm_palace_corner_pillars],
          uniq_polyphemus
Spider:1: layout_chambers, uniq_rupert, uniq_mlioglotl, uniq_kirke
Spider:2: nicolae_spider_obnoxious_hallway, nicolae_spider_cling_halls
Spider:3: layout_chambers, ebering_ghost_reflecting_pool
Spider:4: grunt_spider_rune_circles, nicolae_spider_undead_wolf_pack
Orc:1:    orc_temple, layout_caves, basic_altar
Orc:2:    grunt_orc_cross, layout_caves, ebering_ghost_disaster_area,
          serial_shops, nicolae_shop_rolling_square,
          nicolae_shop_rolling_square, shop

Skill      XL: |  1  2  3  4  5  6  7  8  9 10 11 12 13 14 15 16 17 18 |
---------------+-------------------------------------------------------+-----
Fighting       | 3 4 5 7 8 10 11 15 17 19 20 | 20.0
Long Blades    | 4 5 6 8 10 11 12 14 | 14.0
Dodging        | 4 5 6 7 8 10 12 15 | 15.0
Invocations    | 2 5 6 8 12 | 12.2
Evocations     | 6 7 8 |  8.0
Shields        | 5 12 15 19 20 | 20.0
Throwing       | |  2.0

Action                     |  1- 3 |  4- 6 |  7- 9 | 10-12 | 13-15 | 16-18 || total
---------------------------+-------+-------+-------+-------+-------+-------++-------
  Melee: Long sword        |    82 |   164 |   279 |   100 |       |       ||   625
         Punch             |     1 |     1 |     6 |    17 |       |       ||    25
         Scimitar          |       |       |       |   715 |  1798 |  1943 ||  4456
         Great sword       |       |       |       |    39 |       |       ||    39
         Hand axe          |       |       |       |       |       |    17 ||    17
  Throw: Javelin           |     1 |       |       |       |     4 |       ||     5
         Dart              |       |       |       |     1 |    10 |       ||    11
         Throwing net      |       |       |       |     1 |       |       ||     1
 Invoke: Divine Shield     |       |       |     3 |    17 |    18 |    22 ||    60
         Summon Divine War |       |       |       |       |     3 |     3 ||     6
         Cleansing Flame   |       |       |       |       |       |    17 ||    17
Ability: Hop               |     1 |     1 |     3 |    10 |    12 |     7 ||    34
  Evoke: Wand              |       |       |     2 |    34 |     5 |     5 ||    46
         Box of beasts     |       |       |       |       |     5 |     2 ||     7
         Lightning rod     |       |       |       |       |       |     1 ||     1
    Use: Potion            |     1 |       |     6 |     1 |       |     6 ||    14
         Scroll            |       |     3 |     7 |     6 |    14 |    19 ||    49
   Stab: Sleeping          |     1 |       |       |       |       |       ||     1
 Armour: Leather armour    |    28 |    38 |    50 |   140 |    18 |       ||   274
         Troll leather arm |       |       |       |       |   186 |   335 ||   521
  Dodge: Dodged            |    56 |   101 |   190 |   500 |   420 |   688 ||  1955
  Block: Other             |       |       |     2 |    49 |       |       ||    51
         Tower shield      |       |       |       |   206 |  1288 |  1769 ||  3263
         Kite shield       |       |       |       |       |   277 |   959 ||  1236

Table legend: (Time is in decaauts)
 A = Elapsed time spent in this place.
 B = Non-inter-level travel time spent in this place.
 C = Inter-level travel time spent in this place.
 D = Time resting spent in this place.
 E = Time spent auto-exploring this place.
 F = Levels seen in this place.
 G = Mean time per level.
                   A        B        C        D        E       F      G
               +--------+--------+--------+--------+--------+-----+--------+
         Total |  43409 |  39555 |   3854 |   6914 |  20212 |  34 | 1276.7 |
       Dungeon |  19891 |  17803 |   2088 |   3126 |   9581 |  15 | 1326.1 |
        Temple |    253 |    231 |     22 |      0 |    187 |   1 |  253.0 |
          Lair |   9583 |   8617 |    966 |   2239 |   3957 |   5 | 1916.6 |
        Shoals |   3435 |   3202 |    233 |    476 |   1704 |   4 |  858.8 |
   Spider Nest |   6165 |   5828 |    337 |    565 |   3426 |   4 | 1541.2 |
  Orcish Mines |   3138 |   2932 |    206 |    373 |   1239 |   2 | 1569.0 |
         Abyss |    229 |    229 |      0 |      0 |      0 |   2 |  114.5 |
      Ice Cave |    711 |    711 |      0 |    134 |    117 |   1 |  711.0 |
               +--------+--------+--------+--------+--------+-----+--------+

Top non-repeatable levels by time:
     D:9: 2633 daAuts
  Lair:2: 2595 daAuts
  Lair:1: 2335 daAuts
  Lair:3: 2139 daAuts
Spider:3: 1890 daAuts
   Orc:1: 1757 daAuts
Spider:4: 1746 daAuts
     D:8: 1741 daAuts
     D:7: 1621 daAuts
Spider:1: 1531 daAuts
     D:5: 1520 daAuts
    D:11: 1503 daAuts
  Lair:4: 1488 daAuts
    D:13: 1467 daAuts
    D:10: 1404 daAuts
